 Seeded DCSS version 0.29-a0-284-gf9362112df (webtiles) character file.

Game seed: 20220321 (custom seed)

0 yunder69 the Skirmisher (level 1, -2/19 HPs)
             Began as a Minotaur Abyssal Knight on Mar 21, 2022.
             Was a Believer of Lugonu.
             Slain by an orange demon (5 damage)
             ... on level 1 of the Abyss.
             The game lasted 00:01:06 (86 turns).

yunder69 the Skirmisher (Minotaur Abyssal Knight)     Turns: 86, Time: 00:01:06

Health: -2/19      AC:  3    Str: 17    XL:     1   Next: 0%
Magic:  1/1        EV: 11    Int:  7    God:    Lugonu [**....]
Gold:   0          SH:  0    Dex: 10    Spells: 0/0 levels left

rFire   . . .      SeeInvis .   a - +1 spear
rCold   . . .      Faith    .   (no shield)
rNeg    . . .      Spirit   .   b - +0 leather armour
rPois   .          Reflect  .   (helmet restricted)
rElec   .          Harm     .   (no cloak)
rCorr   .          Rampage  .   (no gloves)
Will    .....                   (no boots)
Stlth   +.........              (no amulet)
HPRegen 0.06/turn               (no ring)
MPRegen 0.07/turn               (no ring)

@: no status effects
A: horns 2, retaliatory headbutt
a: Renounce Religion, Depart the Abyss, Bend Space


You were on level 1 of the Abyss.
You worshipped Lugonu.
Lugonu was pleased with you.
You visited 0 branches of the dungeon, and saw 0 of its levels.
You visited the Abyss 1 time.

Inventory:

Hand Weapons
 a - a +1 spear (weapon)
Armour
 b - a +0 leather armour (worn)


   Skills:
 + Level 3.6 Fighting
 + Level 2.4 Polearms
 + Level 2.4 Armour
 + Level 1.1 Dodging
 + Level 1.7 Invocations


You couldn't memorise any spells.
You didn't know any spells.
Your spell library was empty.

Dungeon Overview and Level Annotations

Branches:
Dungeon (0/15)

Altars:


Innate Abilities, Weirdness & Mutations

You have a pair of horns on your head.
You reflexively headbutt those who attack you in melee.


Message History

Welcome, yunder69 the Minotaur Abyssal Knight.
Game seed: 20220321 (custom seed); Lugonu says: Depart the Abyss and spread corruption, my servant! (use the ability menu to exit the Abyss) Press ? for a list of commands and other information.
Found a corrupted altar of Lugonu.
Found a gateway leading deeper into the Abyss.
There is a gateway leading deeper into the Abyss here.
There is a gateway leading deeper into the Abyss here.
An orange demon comes into view.
An orange demon is nearby!
You reach to attack!
You hit the orange demon.
The orange demon is lightly wounded.
The orange demon stings you from afar!
Ouch! That really hurt!
You are too injured to fight recklessly!
You are too injured to fight recklessly!
Space bends around you!
You blink.
An iron imp and a tentacled starspawn come into view.
The iron imp shouts!
An orange demon is nearby!
A large abomination comes into view.
Tentacles burst from the starspawn's body! 2 starspawn tentacles come into view.
Press: ? - help, v - describe, . - travel The floor.
The orange demon stings you from afar.
* * * LOW HITPOINT WARNING * * *
A ynoxinul comes into view.
The ynoxinul bellows!
The ynoxinul gestures.
You completely miss the ufetubus. Your headbutt misses the ufetubus.
The ufetubus hits you but does no damage. x2
The orange demon stings you from afar.
You die...

.## . .# ### .##.##.#.#
..##. .#.#..## ≈≈
≈≈≈≈≈≈≈≈≈# .# ## ###≈
#≈♣≈♣≈≈## ≈#..#
.###.#.###≈≈≈≈≈≈.##.#. .
.......................#
..................... .#
......5@.4....X.........
.....##.35...##......##
.... #.5....##......##.
. ...................
.#..#.#.##.#...###..
..#.#.#..### .w.....
##...#####...# ###.# ..#
#.. # .5# # ####.#.# #
..


You could see an orange demon, a large abomination, a ynoxinul and 3 ufetubi.

Vanquished Creatures (others)
  2 starspawn tentacles (Abyss:1)
2 creatures vanquished.

Notes
Turn   | Place    | Note
-------+----------+-------------------------------------------
     0 | Abyss:1  | yunder69 the Minotaur Abyssal Knight began the quest for
                  | the Orb.
     0 | Abyss:1  | Reached XP level 1. HP: 19/19 MP: 1/1
    62 | Abyss:1  | Noticed an orange demon
    66 | Abyss:1  | Noticed an iron imp
    66 | Abyss:1  | Noticed a tentacled starspawn
    70 | Abyss:1  | Noticed a large abomination
    80 | Abyss:1  | Noticed a ynoxinul
    86 | Abyss:1  | Slain by an orange demon

Illustrated notes

Levels and vault maps discovered:
Abyss:1:  base: Temple, base: Temple, evilmike_abyss_exit_14

Action                   || total
-------------------------++-------
Melee: Spear             ||     2
Invok: Bend Space        ||     1
Armor: Leather armour    ||     2

Table legend: (Time is in decaauts)
 A = Elapsed time spent in this place.
 B = Non-inter-level travel time spent in this place.
 C = Inter-level travel time spent in this place.
 D = Time resting spent in this place.
 E = Time spent auto-exploring this place.
 F = Levels seen in this place.
 G = Mean time per level.
                   A        B        C        D        E       F      G
               +--------+--------+--------+--------+--------+-----+--------+
         Total |     86 |     86 |      0 |      0 |     51 |   1 |   86.0 |
         Abyss |     86 |     86 |      0 |      0 |     51 |   1 |   86.0 |
               +--------+--------+--------+--------+--------+-----+--------+

Top non-repeatable levels by time:
 Abyss:1: 86 daAuts
